 Dungeon Crawl Stone Soup version 0.25.1-2-g60ff931df9 (webtiles) character file.

Game seed: 10591425674647020377

165 Almogavar the Shield-Bearer (level 5, 0/33 HPs)
             Began as a Gargoyle Fighter on Sept 5, 2020.
             Killed from afar by an orc wizard (10 damage)
             ... with a puff of flame
             ... on level 3 of the Dungeon.
             The game lasted 00:07:26 (2414 turns).

Almogavar the Shield-Bearer (Gargoyle Fighter)      Turns: 2414, Time: 00:07:28

Health: 0/33       AC: 12    Str: 20    XL:     5   Next: 46%
Magic:  5/5        EV:  8    Int:  9    God:
Gold:   153        SH:  9    Dex:  9    Spells: 4/4 levels left

rFire    . . .     SeeInvis .   a - +0 flail
rCold    . . .     Gourm    .   c - +0 kite shield
rNeg     + . .     Faith    .   b - +0 scale mail
rPois    ∞         Spirit   .   (no helmet)
rElec    +         Reflect  .   (no cloak)
rCorr    .         Harm     .   (no gloves)
MR       .....                  p - +0 pair of boots (curse)
Stlth    ..........             (no amulet)
HPRegen  0.11/turn              (no ring)
MPRegen  0.09/turn              (no ring)

@: no status effects
A: negative energy resistance 1, electricity resistance, unbreathing,
petrification resistance, rot immunity, AC +4
a: no special abilities


You were on level 3 of the Dungeon.
You were not hungry.

You visited 1 branch of the dungeon, and saw 4 of its levels.

You collected 153 gold pieces.

Inventory:

Hand Weapons
 a - a +0 flail (weapon)
 e - a -1 mace
 q - a +2 flail of protection
Armour
 b - a +0 scale mail (worn)
 c - a +0 kite shield (worn)
 p - a cursed +0 pair of boots (worn)
Scrolls
 h - a scroll of blinking
 i - a scroll of fear
 j - a scroll of enchant armour
 r - a scroll of enchant weapon {unknown}
Potions
 d - a potion of might
 g - a potion of cancellation
 k - a potion of degeneration {unknown}
 l - 3 potions of flight {unknown}
 m - a potion of heal wounds {unknown}
 n - a potion of brilliance {unknown}
 o - 2 potions of curing {unknown}
Comestibles
 f - a ration
 s - 3 chunks of flesh


   Skills:
 + Level 3.8 Fighting
 + Level 3.3 Maces & Flails
 + Level 4.2 Armour
 + Level 1.0 Dodging
 + Level 0.3 Stealth
 + Level 4.3 Shields


You had 4 spell levels left.
You didn't know any spells.
Your spell library was empty.

Dungeon Overview and Level Annotations

Branches:
Dungeon (4/15)
 Temple: D:4-7

Altars:
Uskayaw


Innate Abilities, Weirdness & Mutations

You are resistant to torment.
Your stone body is resilient. (AC +4)
You are immune to poison.
You resist negative energy. (rN+)
You are resistant to electric shocks. (rElec)
You can survive without breathing.
You are immune to petrification.
You are immune to rotting.


Message History

You block the giant cockroach's attack.
You closely miss the orc wizard.
The orc wizard is almost dead.
You block the orc wizard's attack. The orc wizard barely misses you.
The giant cockroach barely misses you.
You closely miss the orc wizard.
The orc wizard is almost dead.
The orc wizard begins to cast a cantrip, but forgets the words!
The giant cockroach barely misses you. You block the orc wizard's attack.
The giant cockroach bites you.
* * * LOW HITPOINT WARNING * * *
The orc wizard points at you and mumbles some strange words.
The puff of frost misses you.
You closely miss the orc wizard.
The orc wizard is almost dead.
You block the giant cockroach's attack. You block the orc wizard's attack.
You block the giant cockroach's attack.
The orc wizard gestures at you while chanting.
The puff of flame hits you!
You die...

#....#....#.#
##.#.####.#.#
#.#.#.##.#.###########
#.#...................
#.###....#.###........
#.# #....'.# #........
#.# #....### #........
#.# #so..#####........
#.# #@................
#.# ##...#####........
#.# #...# #........
##.####...#####........
#....##...#............
#....##...#............
###....##...#.....(######
#......##...#......# #
#......##...#......# #


You could see an orc wizard (fast) and a giant cockroach.

Vanquished Creatures
  A scorpion (D:2)
  4 adders
  2 oozes
  2 worms
  2 dart slugs
  5 leopard geckos
  2 orcs
  6 bats
  2 giant cockroaches
  8 goblins
  A hobgoblin (D:1)
  A jackal (D:2)
  A quokka (D:2)
  5 frilled lizards
  8 kobolds
  11 rats
61 creatures vanquished.

Notes
Turn   | Place    | Note
-------+----------+-------------------------------------------
     0 | D:1      | Almogavar the Gargoyle Fighter began the quest for the Orb.
     0 | D:1      | Reached XP level 1. HP: 14/14 MP: 1/1
   341 | D:1      | Reached XP level 2. HP: 17/19 MP: 2/2
   777 | D:1      | Reached XP level 3. HP: 21/23 MP: 3/3
  1202 | D:2      | Found a faded altar of an unknown god.
  1383 | D:2      | Reached XP level 4. HP: 28/28 MP: 4/4
  1518 | D:3      | Reached XP level 5. HP: 22/33 MP: 5/5
  1876 | D:3      | Reached skill level 1 in Dodging
  2093 | D:3      | Found a hide-covered altar of Uskayaw.
  2093 | D:3      | Noticed a +3 hand axe
  2095 | D:3      | Noticed a +0 dagger
  2414 | D:3      | Killed from afar by an orc wizard

Illustrated notes

Levels and vault maps discovered:
D:1:      noname_arrival_rooms_in_the_neighbourhood, layout_basic,
          minmay_tromino_v4_b
D:2:      layout_rooms, chequers_ecumenical_altar_twisty,
          kennysheep_generic_room_15
D:3:      layout_basic, dancing_weapons_uskayaw
D:4:      layout_cave_pools, gammafunk_temple_overflow_statue,
          gup_sewer_entry_spiral

Skill      XL: |  1  2  3  4  5 |
---------------+----------------+-----
Armour         | 4 |  4.2
Maces & Flails | 3 |  3.3
Shields        | 4 |  4.3
Dodging        | 1 |  1.0
Fighting       | |  3.8
Stealth        | |  0.3

Action                   |  1- 3 |  4- 6 || total
-------------------------+-------+-------++-------
Melee: Flail             |   145 |   104 ||   249
  Use: Scroll            |     3 |     3 ||     6
  Eat: Chunk             |     2 |     3 ||     5
Armor: Scale mail        |   115 |    59 ||   174
Dodge: Dodged            |    72 |    61 ||   133
Block: Kite shield       |   118 |    79 ||   197
